 Dungeon Crawl Stone Soup version 0.17-a0-744-gaa96792 (console) character file.

9341 sose the Covert (level 11, 0/55 HPs)
             Began as a Spriggan Enchanter on Apr 21, 2015.
             Was a Believer of Ashenzari.
             Killed by the air
             ... invoked by Gastronok
              (28 damage)
             ... on level 11 of the Dungeon.
             The game lasted 00:47:19 (11725 turns).

sose the Covert (Spriggan Enchanter)               Turns: 11725, Time: 00:47:20

Health: 0/55       AC:  4    Str:  6    XL:     11   Next: 21%
Magic:  24/24      EV: 25    Int: 22    God:    Ashenzari [**....]
Gold:   371        SH:  0    Dex: 17    Spells: 6 memorised, 7 levels left

rFire  . . .     SeeInvis +     l - +5 dagger (venom) (curse)
rCold  . . .     Clarity  .     b - +1 robe
rNeg   . . .     SustAb   .     (shield restricted)
rPois  .         Gourm    .     (helmet restricted)
rElec  .         Spirit   .     r - +0 cloak (curse)
rCorr  .         Warding  .     (gloves unavailable)
rMut   .         Stasis   .     (boots unavailable)
MR     +....                    (no amulet)
Stlth  ++++++....               F - +4 ring of intelligence
                                x - +5 ring of slaying (curse)

@: very quick, somewhat resistant to hostile enchantments, very stealthy
A: unfitting armour, see invisible, herbivore 3, speed 3, slow metabolism 2
a: Scrying, Renounce Religion


You were on level 11 of the Dungeon.
You worshipped Ashenzari.
Ashenzari was pleased with you.
You were not hungry.

You visited 2 branches of the dungeon, and saw 12 of its levels.

You collected 587 gold pieces.
You spent 216 gold pieces at shops.

Inventory:

Hand weapons
 l - a cursed +5 dagger of venom (weapon)
 N - a +0 hunting sling
 R - a +0 short sword of speed
 Y - a +1 whip of electrocution
Missiles
 a - 82 stones (quivered)
 p - 65 poisoned needles
Armour
 b - a +1 robe (worn)
 r - a cursed +0 cloak (worn)
Rods
 C - a +4 rod of ignition (12/12)
   (You found it on level 4 of the Dungeon)
Jewellery
 m - an uncursed ring of poison resistance
 x - a cursed +5 ring of slaying (left hand)
 F - a +4 ring of intelligence (right hand)
 M - an uncursed ring of positive energy
 V - an uncursed ring of fire
 X - an uncursed ring of teleport control
Magical devices
 o - a wand of digging (12)
 t - a wand of fire (2)
 B - a wand of draining (0)
 J - a wand of magic darts (37)
 T - a wand of cold (8)
Scrolls
 c - 2 scrolls of remove curse
 h - 4 scrolls of immolation
 i - a scroll of amnesia
 k - a scroll of enchant armour {unknown}
 s - 3 scrolls of teleportation {unknown}
 u - 5 scrolls of identify {unknown}
 w - 2 scrolls of random uselessness {unknown}
 z - a scroll of enchant weapon {unknown}
 E - a scroll of vulnerability {unknown}
 G - 2 scrolls of recharging {unknown}
 H - 2 scrolls of fog
 K - 3 scrolls of blinking
 L - 2 scrolls of fear {unknown}
 P - 5 scrolls of magic mapping {unknown}
 Z - a scroll of acquirement {unknown}
Potions
 e - 2 potions of agility
 g - a potion of restore abilities {unknown}
 j - a potion of ambrosia {unknown}
 n - 2 potions of might
 v - a potion of brilliance
 A - 4 potions of curing
 I - a potion of magic {unknown}
 S - a potion of poison {unknown}
 W - a potion of haste {unknown}
Books
 y - a book of Necromancy

   Spells                             Type                      Level
   a - Pain                           Necromancy                   1
   b - Animate Skeleton               Necromancy                   1
   c - Vampiric Draining              Necromancy                   3
   d - Regeneration                   Charms/Necromancy            3
   e - Animate Dead                   Necromancy                   4
   f - Control Undead                 Necromancy                   4
 D - the Papyrus of Malediction
   (You found it on level 4 of the Dungeon)

   Spells                             Type                      Level
   a - Corona                         Hexes                        1
   b - Confusing Touch                Hexes                        2
   c - Metabolic Englaciation         Hexes/Ice                    5
   d - Invisibility                   Hexes                        6
Comestibles
 d - 9 bread rations
 f - a royal jelly
 Q - 8 slices of pizza
 U - 5 fruits


   Skills:
 + Level 5.0 Fighting
 + Level 6.8 Short Blades
 + Level 9.4 Dodging
 + Level 13.0 Stealth
 + Level 8.8 Spellcasting
 + Level 10.2 Hexes
 - Level 5.0 Charms
 - Level 1.0 Ice Magic


You had 7 spell levels left.
You knew the following spells:

 Your Spells              Type           Power        Failure   Level  Hunger
a - Regeneration          Chrm/Necr      ###.......   10%         3    None
b - Ensorcelled Hibernat  Hex/Ice        ####..       1%          2    None
c - Tukima's Dance        Hex            ######..     1%          3    None
d - Dazzling Spray        Conj/Hex       ####....     2%          3    None
e - Confuse               Hex            ######..     1%          3    None
f - Invisibility          Hex            ######..     21%         6    ######.


Dungeon Overview and Level Annotations

Branches:
Dungeon (11/15)            Temple (1/1) D:6             Orc (0/4) D:10
   Lair: D:8-11

Altars:
Ashenzari
Cheibriados
Dithmenos
Elyvilon
Fedhas
Gozag
Kikubaaqudgha
Makhleb
Nemelex Xobeh
Okawaru
Qazlal
Ru
Sif Muna
Trog
Vehumet
Xom
Yredelemnul
Zin
The Shining One

Shops:
D:10 %

Annotations:
D:4 2 runed doors
D:11 Gastronok


Innate Abilities, Weirdness & Mutations

You are tiny and cannot use many weapons and most armour.
You have supernaturally acute eyesight.
You are a herbivore.
You cover ground extremely quickly.
You need consume almost no food.


Message History

Press: ? - help, Shift-Dir - straight line, f/p - Gastronok
Aim: Gastronok, wearing a hat of magic resistance (severely wounded, covering ground quickly, lightly drained)
The bolt of fire hits Gastronok.
Gastronok is severely wounded.
Evoking this partially-identified wand wasted a few charges.
Gastronok gurgles, "It's true, you are what you eat."
Gastronok waves his eye-stalks in wide circles.
The air twists around and strikes you!
Evoke which item? (* to show all) (? for menu, Esc to quit)
Zapping:
t - a wand of fire {zapped: 7} (will waste charges)
Press: ? - help, Shift-Dir - straight line, f/p - Gastronok
Aim: Gastronok, wearing a hat of magic resistance (severely wounded, covering ground quickly, lightly drained)
The bolt of fire hits Gastronok.
Gastronok is severely wounded.
Evoking this partially-identified wand wasted a few charges.
Gastronok gurgles, "I'll eat you, I will!"
Gastronok waves his eye-stalks in wide circles.
The air twists around and strikes you!
Ouch! That really hurt!
You die...

#######.........#
.........$...####
*
.............####
.........w.......<
.........#...####.
########.#...# , ,
#.#...# * **
#.#...# ** #@#####
* * , #.##### ,
#.....# ,
#######.# ** ,
#.....#.# ,
#.###.#.# ,
#.#...).####, , *
* #.#.#.##...#,#
#.#.#.##.#.#.##.#


You could see Gastronok.

Vanquished Creatures
  Erolcha (D:9)
  A hill giant (D:9)
  The ghost of Trafet the Archer, an experienced CeHu of Okawaru (D:6)
  A manticore (D:11)
  Joseph (D:7)
  A troll (D:9)
  Grinder (D:3)
  2 wyverns (D:9)
  4 yaks (D:9)
  Sigmund (D:3)
  A spriggan (D:8)
  A deep elf mage (D:9)
  A steam dragon (D:9)
  2 hippogriffs
  Menkaure (D:7)
  Edmund (D:6)
  2 ice beasts
  3 orc warriors
  3 phantoms
  4 sky beasts
  An eye of draining (D:9)
  3 ogres
  A centaur (D:9)
  3 big kobolds
  7 giant frogs
  2 scorpions
  10 killer bees
  4 wights (D:6)
  2 crimson imps
  2 giant frog zombies
  2 jellies
  7 orc priests
  A centaur zombie (D:11)
  7 orc wizards
  3 hounds
  A quasit (D:9)
  Ijyb (D:2)
  2 giant frog skeletons
  5 iguanas
  2 centaur skeletons
  A sheep (D:8)
  5 worker ants
  2 hound skeletons
  A worker ant zombie (D:11)
  Robin (D:3)
  11 adders
  10 gnolls
  3 oozes
  3 worms
  11 giant geckos
  40 orcs
  A ball python (D:4)
  2 bat skeletons
  4 giant cockroaches
  21 hobgoblins
  11 jackals
  32 kobolds
  6 quokkas
  17 bats
  A giant gecko zombie (D:7)
  8 giant newts
  2 giant spores (D:7)
  25 goblins
  A quokka skeleton (D:4)
  A quokka zombie (D:7)
  18 rats
  7 ballistomycetes (D:7)
344 creatures vanquished.

Vanquished Creatures (collateral kills)
  An orc priest (D:6)
  An orc (D:3)
2 creatures vanquished.

Vanquished Creatures (others)
  A hound (D:7)
  An orc wizard (D:7)
  A kobold (D:7)
3 creatures vanquished.

Grand Total: 349 creatures vanquished

Notes
Turn   | Place    | Note
--------------------------------------------------------------
     0 | D:1      | sose, the Spriggan Enchanter, began the quest for the Orb.
     0 | D:1      | Reached XP level 1. HP: 9/9 MP: 5/5
   203 | D:1      | Reached XP level 2. HP: 13/13 MP: 7/7
   287 | D:1      | Learned a level 2 spell: Ensorcelled Hibernation
   773 | D:2      | Found a glowing silver altar of Zin.
  1020 | D:2      | Reached XP level 3. HP: 13/16 MP: 1/9
  1198 | D:2      | Learned a level 3 spell: Tukima's Dance
  1202 | D:2      | Learned a level 3 spell: Dazzling Spray
  1304 | D:2      | Reached skill level 5 in Stealth
  1356 | D:2      | Reached XP level 4. HP: 15/21 MP: 0/10
  1726 | D:2      | Reached skill level 5 in Hexes
  2423 | D:3      | Found a bloodstained altar of Trog.
  2431 | D:3      | Noticed Grinder
  2448 | D:2      | Reached skill level 6 in Stealth
  2511 | D:3      | Noticed Ijyb
  2519 | D:2      | Killed Ijyb
  2519 | D:2      | Reached XP level 5. HP: 20/24 MP: 9/12
  2873 | D:3      | Noticed Robin
  2876 | D:3      | Noticed Sigmund
  2918 | D:3      | Learned a level 3 spell: Confuse
  2919 | D:3      | Killed Sigmund
  2919 | D:3      | Reached skill level 7 in Stealth
  2919 | D:3      | Reached XP level 6. HP: 26/28 MP: 10/13
  2948 | D:3      | Killed Robin
  3260 | D:3      | Reached skill level 8 in Stealth
  3448 | D:3      | Killed Grinder
  3448 | D:3      | Reached XP level 7. HP: 32/32 MP: 8/14
  3620 | D:3      | Found a shimmering altar of Xom.
  3623 | D:3      | Found an iron altar of Okawaru.
  3750 | D:3      | Reached skill level 9 in Stealth
  4213 | D:4      | Found a glowing golden altar of the Shining One.
  4308 | D:4      | Found a large runed door.
  4309 | D:4      | Found a large runed door.
  4324 | D:4      | Found a large runed door.
  4324 | D:4      | Found a large runed door.
  4474 | D:4      | Reached skill level 1 in Fighting
  4785 | D:4      | Reached skill level 1 in Ice Magic
  5010 | D:4      | Reached XP level 8. HP: 37/37 MP: 15/15
  5140 | D:4      | Identified the Papyrus of Malediction
  5182 | D:5      | Entered Level 5 of the Dungeon
  5628 | D:5      | Found a deep blue altar of Sif Muna.
  5649 | D:5      | Reached skill level 5 in Spellcasting
  5868 | D:5      | Reached skill level 5 in Dodging
  5967 | D:5      | Found a basalt altar of Yredelemnul.
  6114 | D:5      | Reached skill level 10 in Stealth
  6232 | D:6      | Noticed Edmund
  6238 | D:6      | Killed Edmund
  6323 | D:6      | Learned a level 3 spell: Regeneration
  6326 | D:6      | Noticed Trafet's ghost (experienced CeHu)
  6354 | D:6      | Reached skill level 1 in Charms
  6753 | D:6      | Killed Trafet's ghost
  6753 | D:6      | Reached XP level 9. HP: 27/43 MP: 6/19
  7034 | D:6      | Found a staircase to the Ecumenical Temple.
  7041 | Temple   | Entered the Ecumenical Temple
  7054 | Temple   | Became a worshipper of Ashenzari the Shackled
  7062 | Temple   | Identified a +4 rod of ignition (12/12) (You found it on level 4 of the Dungeon)
  7269 | D:6      | Found a snail-covered altar of Cheibriados.
  7451 | D:7      | Noticed Menkaure
  7453 | D:7      | Killed Menkaure
  7495 | D:7      | Noticed Joseph
  7507 | D:7      | Reached skill level 11 in Stealth
  7527 | D:7      | Killed Joseph
  7638 | D:7      | Found a burning altar of Makhleb.
  7705 | D:7      | Found an opulent altar of Gozag.
  7802 | D:7      | Found a radiant altar of Vehumet.
  8043 | D:7      | Learned a level 6 spell: Invisibility
  8315 | D:8      | Found a bloodstained altar of Trog.
  8322 | D:8      | Reached skill level 5 in Short Blades
  8482 | D:8      | Reached XP level 10. HP: 38/49 MP: 15/21
  8976 | D:8      | Reached skill level 5 in Charms
  9222 | D:8      | Reached skill level 12 in Stealth
  9530 | D:9      | Noticed Erolcha
  9716 | D:9      | Killed Erolcha
 10129 | D:9      | Noticed a hill giant
 10142 | D:9      | Killed a hill giant
 10142 | D:9      | Reached skill level 10 in Hexes
 10332 | D:9      | Reached XP level 11. HP: 54/54 MP: 24/24
 10671 | D:10     | Entered Level 10 of the Dungeon
 10731 | D:10     | Found a staircase to the Orcish Mines.
 10783 | D:10     | Found Dauf Muamemm's Food Shop.
 10786 | D:10     | Bought a bread ration for 60 gold pieces
 10786 | D:10     | Bought a bread ration for 60 gold pieces
 10786 | D:10     | Bought 2 fruits for 36 gold pieces
 10786 | D:10     | Bought a bread ration for 60 gold pieces
 10818 | D:10     | Acquired Ashenzari's first power
 11488 | D:11     | Reached skill level 5 in Fighting
 11488 | D:11     | Reached skill level 13 in Stealth
 11541 | D:11     | Noticed Gastronok
 11725 | D:11     | Killed from afar by Gastronok

Action                   |  1- 3 |  4- 6 |  7- 9 | 10-12 || total
-------------------------+-------+-------+-------+-------++-------
Melee: Dagger            |    95 |    88 |   340 |   198 ||   721
 Fire: Blowgun           |       |       |    15 |       ||    15
Throw: Stone             |       |       |     2 |     1 ||     3
 Cast: Corona            |     1 |       |       |       ||     1
       Ensorcelled Hiber |    23 |    35 |    60 |    43 ||   161
       Confuse           |       |     1 |    30 |    15 ||    46
       Tukima's Dance    |       |     1 |    15 |       ||    16
       Dazzling Spray    |       |       |     2 |       ||     2
Evoke: Wand              |       |       |       |     8 ||     8
  Use: Scroll            |       |       |     8 |       ||     8
       Potion            |       |       |       |     6 ||     6
 Stab: Sleeping          |    16 |    38 |    66 |    48 ||   168
       Confused          |       |     1 |    13 |     4 ||    18
       Distracted        |       |       |       |     1 ||     1
  Eat: Bread ration      |       |     1 |     1 |       ||     2
       Pizza             |       |       |     1 |       ||     1
